FIQ, neutral male scurrid Tourist }}}}}}}}}}}}}}}}}}}}}}} }}}}}}}}}}}}}}}.}} .}}}}}}}}.}}} #.}}}}}}...# # .I}}I}.....# ....# #}.}}.}}}.}}...}}}}}.# ...}}}}}}.# }}}}}..# #.}}}}}}}}..} }}}}}#.}}}}}}}}}}}} }}}}}} }}}}}}}}}}}}}}}}} }}}}}}# }}.# }...}}}}}}}}}}} }}}}}}.# #... # [..}}}}}}}}}}}}}.} }}}}}}}} .... # .}}}}}.# }}}}}}}}}}} }}..}}}}} --+- # }}}.... }}}}}}} }.)#.}}}}. }.}}}}}. }}} }}}} ..!}}. }}}}..# }}}} }}}}}}}# ..# }}}} }}}}}}} .. }}}} }}}}}}}} }}}}} }}}}}}}} FIQ the Rambler Experience level: 1 Strength: 10 Dexterity: 14 Constitution: 13 Intelligence: 16 Wisdom: 9 Charisma: 16 Health: 0(9) Energy: 2(2) Def: 0 Gold: 972 Moves: 56 Dungeon seed: l8Bf5vC744VRlIsf Game ID: FIQ_1498602745 Your Inventory: Coins $ - 972 gold pieces Weapons a - 35 blessed +2 darts (in quiver) Comestibles b - 2 uncursed food rations c - an uncursed tripe ration d - 2 uncursed fortune cookies f - an uncursed chestnut g - an uncursed cram ration h - an uncursed pancake i - 2 uncursed tins of spinach Scrolls k - 4 uncursed scrolls of magic mapping Potions j - 2 uncursed potions of extra healing Wands n - an uncursed rusty wand of secret door detection (0:14) Tools l - an uncursed expensive camera (0:80) m - an uncursed credit card o - an uncursed towel Spells and supernatural/magical abilities: Name Level Category Fail Memory W - pray for help -- divine ? -- Your skills at the end: Miscellaneous Skills wands [Basic] Weapon Skills dart [Basic] Spellcasting Skills Final Attributes: You were devoutly aligned. You were confused. You were blinded. You had infravision. You were very stealthy. You are dead. Voluntary challenges: You went without food. You did not adorn yourself with jewelry or accessories. You did not cause conflict. You were not invisible. You did not have reflection. You were not displaced. You were an atheist. You never hit with a wielded weapon. You were a pacifist. You did not use tools. You did not use plumbed fixtures. You did not drink any magical draughts. You were illiterate. You never genocided any monsters. You never polymorphed an object. You never changed form. You used no wishes. You never split a pudding. You never wrote Elbereth's name. You never violated your personal moral code. Dungeon overview: The Dungeons of Doom: levels 1 to 23 Level 1 a fountain a long staircase Level 2 Level 3 a long staircase Level 4 Level 5 Level 6 Level 7 Level 8 some fountains Level 9 a fountain Level 10 Level 11 Level 12 Level 13 a fountain Level 14 Level 15 Level 16 Level 17 Level 18 Level 19 Level 20 Level 21 Level 22 Level 23 <- You were here many trees History has recorded: On T:1 you entered the Dungeons of Doom to retrieve the Amulet of Yendor! On T:4 you reached level 2 of The Dungeons of Doom. On T:6 you reached level 3 of The Dungeons of Doom. On T:8 you reached level 4 of The Dungeons of Doom. On T:10 you reached level 5 of The Dungeons of Doom. On T:13 you reached level 6 of The Dungeons of Doom. On T:15 you reached level 7 of The Dungeons of Doom. On T:17 you reached level 8 of The Dungeons of Doom. On T:19 you reached level 9 of The Dungeons of Doom. On T:22 you reached level 10 of The Dungeons of Doom. On T:25 you reached level 11 of The Dungeons of Doom. On T:28 you reached level 12 of The Dungeons of Doom. On T:30 you reached level 13 of The Dungeons of Doom. On T:32 you reached level 14 of The Dungeons of Doom. On T:34 you reached level 15 of The Dungeons of Doom. On T:34 you entered the Rogue tribute level. On T:37 you reached level 16 of The Dungeons of Doom. On T:39 you reached level 17 of The Dungeons of Doom. On T:41 you reached level 18 of The Dungeons of Doom. On T:43 you reached level 19 of The Dungeons of Doom. On T:47 you reached level 20 of The Dungeons of Doom. On T:49 you reached level 21 of The Dungeons of Doom. On T:52 you reached level 22 of The Dungeons of Doom. On T:54 you reached level 23 of The Dungeons of Doom. Score breakdown: Gold: 285 ( 28 points) Experience: 1 level ( 0 points) Exploration: 23 levels ( 660 points) Discoveries: 0 items ( 0 points) Variety of kills: 0 monsters ( 0 points) Major goal: (nothing yet) ( 0 points) Survival: died (score multiplied by 3) Total score: 2064 Latest messages: The carafe crashes on your head and breaks into shards. You feel somewhat dizzy. (You can name a cloudy potion from the item naming menu.) You start digging downward. You continue digging downward. You dig a pit in the floor. The hill orc punches you! You continue digging downward. You dig a hole through the floor. You fall through... The beautiful wood nymph seduces you and you take off your shirt. She stole an uncursed +0 Hawaiian shirt. A mysterious force prevents the wood nymph from teleporting! You start digging downward. The raven pecks! The raven blinds you! You continue digging downward. As you dig, the hole fills with water! You fall into the water! You sink like a rock. Your wand of secret door detection rusts! You try to crawl out of the water. Pheew! That was close. Something pecks! That command is only available in debug mode. Something pecks! You die... Final status: Aloha FIQ the Tourist, killed by a raven... You died in The Dungeons of Doom on dungeon level 23 with 2064 points, and 972 pieces of gold, after 56 moves. You were level 1 with a maximum of 9 hit points when you died.